 Dungeon Crawl Stone Soup version 0.28-a0-938-gbc3f381ebc (webtiles) character file.

Game seed: 13687979855562282721

17805 Decritt the Fighter (level 12, -15/110 HPs)
             Began as a Minotaur Fighter on Nov 28, 2021.
             Was an Initiate of Gozag.
             Demolished by an orc knight (36 damage)
             ... in a bailey.
             The game lasted 00:48:15 (13720 turns).

Decritt the Fighter (Minotaur Fighter)             Turns: 13720, Time: 00:48:16

Health: -15/110    AC: 24    Str: 24    XL:     12   Next: 22%
Magic:  11/11      EV:  7    Int:  5    God:    Gozag
Gold:   2462       SH: 17    Dex: 12    Spells: 11/11 levels left

rFire   . . .      SeeInvis +   i - +4 broad axe (freeze)
rCold   + . .      Faith    .   s - +1 tower shield
rNeg    + . .      Spirit   .   c - +1 plate armour of Action {+Blink rN+ SInv}
rPois   .          Reflect  .   h - +0 hat
rElec   .          Harm     .   j - +1 cloak
rCorr   .          Rampage  +   (no gloves)
Will    .....                   I - +1 pair of boots {rampage}
Stlth   ..........              x - amulet of the acrobat
HPRegen 0.28/turn               l - +4 ring of protection
MPRegen 0.12/turn               w - ring "Xexas" {*Corrode Fly rC+ Slay+6}

@: gold aura, flying
A: horns 2, retaliatory headbutt
a: Renounce Religion, Evoke Blink, Potion Petition, Call Merchant, Bribe Branch


You were in a bailey.
You worshipped Gozag.
Gozag was most pleased with you.
You visited 1 branch of the dungeon, and saw 12 of its levels.
You also visited: Ossuary and Bailey.

You collected 2900 gold pieces.
You spent 424 gold pieces at shops.
You paid 14 gold pieces to Gozag.

Inventory:

Hand Weapons
 i - a +4 broad axe of freezing (weapon)
Missiles
 A - 11 boomerangs (quivered)
 J - 3 silver boomerangs
Armour
 c - the +1 plate armour of Action (worn) {+Blink rN+ SInv}
   (You found it on level 10 of the Dungeon)

   rN:        It protects you from negative energy.
   SInv:      It lets you see invisible.
   +Blink:    It lets you blink.
 h - a +0 hat (worn)
 j - a +1 cloak (worn)
 s - a +1 tower shield (worn)
 B - a +0 plate armour
 C - +1 swamp dragon scales
 I - a +1 pair of boots of rampaging (worn)
Jewellery
 l - a +4 ring of protection (left hand)
 p - a +6 ring of dexterity
 w - the ring "Xexas" (right hand) {*Corrode Fly rC+ Slay+6}
   (You found it on level 6 of the Dungeon)

   [ring of flight]

   Slay:      It affects your accuracy & damage with ranged weapons and melee
   (+6).
   rC:        It protects you from cold.
   Fly:       It grants you flight.
   *Corrode:  It may corrode you when you take damage.
 x - an amulet of the acrobat (around neck)
 H - a ring of poison resistance
Wands
 e - a wand of paralysis (10)
 t - a wand of digging (12)
 y - a wand of iceblast (13)
 F - a wand of flame (15)
 G - a wand of mindburst (29)
Scrolls
 a - 3 scrolls of teleportation
 f - a scroll of magic mapping
 m - 2 scrolls of blinking
 n - 2 scrolls of summoning
 r - a scroll of identify
 u - a scroll of immolation
Potions
 b - a potion of heal wounds
 d - 3 potions of might
 g - 6 potions of curing
 k - a potion of lignification
 o - a potion of attraction
 q - 2 potions of haste
 v - 3 potions of mutation
 z - 2 potions of berserk rage
 D - a potion of resistance
 E - a potion of flight
 K - 2 potions of experience
 L - 2 potions of invisibility {unknown}
 M - a potion of cancellation {unknown}
 N - 2 potions of magic {unknown}


   Skills:
 - Level 11.0 Fighting
 - Level 10.8 Axes
 * Level 6.1 Throwing
 - Level 10.0 Armour
 - Level 8.0 Dodging
 + Level 10.7 Shields
 * Level 5.5 Evocations


You had 11 spell levels left.
You didn't know any spells.
Your spell library contained the following spells:

 Spells                   Type           Power      Damage    Failure   Level
 Corpse Rot               Necr/Air       0%         N/A       100%        2
 Ensorcelled Hibernation  Hex/Ice        0%         N/A       100%        2
 Poisonous Vapours        Pois/Air       0%         N/A       100%        2
 Static Discharge         Conj/Air       0%         N/A       100%        2
 Tukima's Dance           Hex            0%         N/A       100%        3
 Dispel Undead            Necr           0%         3d6       100%        4
 Passage of Golubria      Tloc           0%         N/A       100%        4
 Sticky Flame             Conj/Fire      0%         2d3       100%        4
 Silence                  Hex/Air        0%         N/A       100%        5
 Death Channel            Necr           0%         N/A       100%        6
 Lehudib's Crystal Spear  Conj/Erth      0%         10d2      100%        8


Dungeon Overview and Level Annotations

Branches:
Dungeon (12/15)            Temple (0/1) D:4            Lair (0/6) D:11
    Orc (0/2) D:12        Ossuary (visited)          Bailey (1/1)

Altars:
Ashenzari
Cheibriados
Dithmenos
Elyvilon
Gozag
Hepliaklqana
Okawaru
Qazlal
Ru
Sif Muna
Vehumet
Wu Jian
Beogh

Shops:
D:6 (   D:7 *   D:8 !   D:9 [

Annotations:
D:5 1 runed translucent door
D:6 1 runed translucent door, tensugalgo's ghost, novice DgAE


Innate Abilities, Weirdness & Mutations

You have a pair of horns on your head.
You reflexively headbutt those who attack you in melee.


Message History

The orc knight is severely wounded.
The orc knight is distracted by your dazzling golden aura. x2
The orc knight shouts!
You slash the orc knight! You freeze the orc knight.
The orc knight is no longer distracted by gold.
Your headbutt misses the orc knight.
The orc knight is almost dead.
The orc is distracted by your dazzling golden aura.
The orc shouts!
You hit the orc knight. You freeze the orc knight.
You kill the orc knight!
The orc knight is no longer distracted by gold.
The orc knight is distracted by your dazzling golden aura.
Your Throwing skill increases to level 6!
Okay, then.
You rampage towards the orc knight!
The orc is no longer distracted by gold.
You block the orc's attack.
The orc knight shouts!
You slash the orc knight! You freeze the orc knight.
The orc knight is no longer distracted by gold.
You headbutt the orc knight!
The orc knight is heavily wounded.
You block the orc's attack.
You rampage towards the orc!
You slice the orc!! You freeze the orc.
You kill the orc!
You slash the orc knight! You freeze the orc knight.
The orc knight hits you with a +0 halberd.
* * * LOW HITPOINT WARNING * * *
The orc knight hits you with a +0 halberd!!
* * * LOW HITPOINT WARNING * * *
You slash the orc knight! You freeze the orc knight.
The orc knight is almost dead.
You block the orc knight's attack.
You barely miss the orc knight.
The orc knight is almost dead.
You block the orc knight's attack.
The orc knight hits you with a +0 halberd!!!
You die...
Your body crumbles into a pile of gold.

#..).)..#
#.......#
##..)..##
###'###
#...#
#)..#
#)).#
#.$)#
###@###
##.o...##
#.......#
#.)$$...#
#.).))..#
#.)).$..#
#.).....#
#.......#
#.......#


You could see an orc knight (strong).

Vanquished Creatures
  A death knight (D:9)
  5 two-headed ogres
  3 skeletal warriors (D:9)
  2 cyclopes
  2 manticores
  An orc knight (Bailey)
  2 kobold demonologists
  Maggie (D:6)
  An unseen horror (D:11)
  3 trolls
  A hornet (D:8)
  A vampire (D:9)
  A wraith (D:11)
  16 yaks
  2 wargs (D:11)
  A water moccasin (D:6)
  12 orc warriors
  A sky beast (D:5)
  A black bear (D:6)
  6 centaurs
  A necrophage (D:8)
  6 ogres
  A phantom (D:6)
  2 kobold brigands (D:7)
  2 bullfrogs
  A scorpion (D:5)
  A water moccasin zombie (D:7)
  A water moccasin skeleton (D:4)
  9 killer bees
  10 wights (D:9)
  4 howler monkeys
  5 centaur zombies
  7 jellies
  2 bullfrog skeletons (D:5)
  Crazy Yiuf (D:6)
  A hound (D:5)
  7 orc priests
  4 centaur skeletons
  4 iguanas
  7 orc wizards
  A killer bee zombie (D:7)
  The ghost of paps the Sneak, a weakling OpDe (D:5)
  A howler monkey zombie (D:8)
  11 mummies (Ossuary)
  7 gnolls
  8 adders
  A river rat (D:5)
  A white imp (D:6)
  2 ufetubi
  An adder skeleton (D:4)
  2 worms
  86 orcs
  2 ball pythons
  2 endoplasms (D:1)
  2 giant cockroaches
  7 goblins
  3 hobgoblins
  8 jackals (D:2)
  6 quokkas
  2 bats (D:2)
  A frilled lizard (D:2)
  3 gnoll skeletons (Ossuary)
  2 goblin skeletons (Ossuary)
  19 kobolds
  A kobold skeleton (Ossuary)
  2 orc skeletons (Ossuary)
  6 rats
  11 rat skeletons (Ossuary)
338 creatures vanquished.

Vanquished Creatures (others)
  A fungus (D:6)
  A plant (D:11)
2 creatures vanquished.

Grand Total: 340 creatures vanquished

Notes
Turn   | Place    | Note
-------+----------+-------------------------------------------
     0 | D:1      | Decritt the Minotaur Fighter began the quest for the Orb.
     0 | D:1      | Reached XP level 1. HP: 19/19 MP: 0/0
   405 | D:1      | Reached XP level 2. HP: 27/27 MP: 1/1
   448 | D:1      | Found a faded altar of an unknown god.
   866 | D:2      | Reached skill level 4 in Fighting
  1203 | D:1      | Reached XP level 3. HP: 26/33 MP: 2/2
  1467 | D:2      | Found an opulent altar of Gozag.
  1486 | D:2      | Became a worshipper of Gozag Ym Sagoz the Greedy
  1501 | D:2      | Reached XP level 4. HP: 40/40 MP: 3/3
  2020 | D:3      | Reached skill level 1 in Dodging
  2088 | D:3      | Reached XP level 5. HP: 44/47 MP: 4/4
  2190 | D:3      | Found a white marble altar of Elyvilon.
  2925 | D:4      | Found a hazy altar of Hepliaklqana.
  2968 | D:4      | Reached skill level 5 in Fighting
  2968 | D:4      | Reached skill level 5 in Armour
  3020 | D:4      | Found a staircase to the Ecumenical Temple.
  3056 | D:4      | Noticed an ogre
  3061 | D:4      | Killed an ogre
  3062 | D:4      | Reached XP level 6. HP: 44/56 MP: 5/5
  3261 | D:4      | Found a broken altar of Ashenzari.
  3588 | D:5      | Entered Level 5 of the Dungeon
  3727 | D:5      | Found an ornate altar of the Wu Jian Council.
  4517 | D:5      | Noticed a sky beast
  4523 | D:5      | Killed a sky beast
  4524 | D:5      | Reached skill level 5 in Axes
  4524 | D:5      | Reached XP level 7. HP: 62/62 MP: 6/6
  4555 | D:5      | Found a runed translucent door.
  4567 | D:5      | Noticed paps's ghost (weakling OpDe)
  4580 | D:5      | Killed paps's ghost
  4590 | D:5      | Found a runed translucent door.
  4745 | D:5      | Reached skill level 5 in Shields
  4817 | D:5      | Found a shimmering blue altar of Sif Muna.
  4879 | D:5      | Reached skill level 6 in Fighting
  5459 | D:6      | Reached XP level 8. HP: 55/71 MP: 7/7
  5573 | D:6      | Identified the ring "Xexas" {*Corrode Fly rC+ Slay+6}
  5688 | D:6      | Noticed Maggie
  5700 | D:6      | Killed Maggie
  5701 | D:6      | Reached skill level 7 in Fighting
  5701 | D:6      | Reached skill level 5 in Dodging
  5977 | D:6      | Identified the +1 short sword of Trial by Ordeal {drain,
                  | Int+3}
  6373 | D:6      | Found Yshrafri's Antique Weapon Shop.
  6392 | D:6      | Found a runed translucent door.
  6393 | D:6      | Noticed tensugalgo's ghost (novice DgAE)
  6593 | D:6      | Found a runed translucent door.
  6594 | D:6      | Noticed Crazy Yiuf
  6599 | D:6      | Killed Crazy Yiuf
  6716 | D:7      | Reached XP level 9. HP: 79/79 MP: 8/8
  6734 | D:7      | Found a sand-covered staircase.
  6739 | Ossuary  | Entered an ossuary
  7157 | D:7      | Reached skill level 8 in Fighting
  7158 | D:7      | Noticed a cyclops
  7169 | D:7      | Killed a cyclops
  7232 | D:7      | Identified the +8 hunting sling "Embalmer" {speed, rC+
                  | rCorr}
  7317 | D:7      | Reached skill level 9 in Fighting
  7429 | D:7      | Found a snail-covered altar of Cheibriados.
  7482 | D:7      | Found Zaoggos's Mayhem Merchandise.
  7767 | D:8      | Found Caax's Distillery.
  7815 | D:8      | Bought a potion of attraction for 30 gold pieces
  7815 | D:8      | Bought a potion of curing for 30 gold pieces
  7815 | D:8      | Bought a potion of haste for 100 gold pieces
  7815 | D:8      | Bought a potion of heal wounds for 50 gold pieces
  7842 | D:8      | Found an opulent altar of Gozag.
  7977 | D:8      | Reached XP level 10. HP: 91/91 MP: 9/9
  8097 | D:8      | Noticed a two-headed ogre
  8749 | D:8      | Killed a two-headed ogre
  8750 | D:8      | Reached skill level 10 in Fighting
  9438 | D:9      | Reached skill level 10 in Axes
  9547 | D:9      | Noticed a death knight
  9551 | D:9      | Noticed a skeletal warrior
  9552 | D:9      | Noticed a skeletal warrior
  9556 | D:9      | Killed a death knight
  9565 | D:9      | Killed a skeletal warrior
  9574 | D:9      | Killed a skeletal warrior
  9575 | D:9      | Reached XP level 11. HP: 24/101 MP: 10/10
  9992 | D:9      | Found Nohinuy's Armour Emporium.
 10042 | D:9      | Bought a +1 pair of boots of rampaging for 214 gold pieces
 10244 | D:9      | Noticed a skeletal warrior
 10257 | D:9      | Killed a skeletal warrior
 10383 | D:9      | Found a shadowy altar of Dithmenos.
 10388 | D:9      | Found a radiant altar of Vehumet.
 10391 | D:9      | Found an iron altar of Okawaru.
 10560 | D:10     | Entered Level 10 of the Dungeon
 10581 | D:10     | Noticed a two-headed ogre
 10584 | D:10     | Killed a two-headed ogre
 10585 | D:10     | Reached skill level 11 in Fighting
 10681 | D:10     | Reached skill level 10 in Armour
 10718 | D:10     | Found a stormy altar of Qazlal.
 11162 | D:10     | Noticed a two-headed ogre
 11166 | D:10     | Killed a two-headed ogre
 11167 | D:10     | Reached skill level 1 in Throwing
 11167 | D:10     | Reached skill level 1 in Evocations
 11277 | D:10     | Noticed a two-headed ogre
 11283 | D:10     | Killed a two-headed ogre
 11406 | D:10     | Identified the +1 plate armour of Action {+Blink rN+ SInv}
 11680 | D:10     | Found a sacrificial altar of Ru.
 11862 | D:11     | Found a staircase to the Lair.
 11862 | D:11     | Noticed a two-headed ogre
 11872 | D:11     | Killed a two-headed ogre
 11873 | D:11     | Reached skill level 10 in Shields
 12293 | D:11     | Reached skill level 5 in Throwing
 12489 | D:11     | Reached XP level 12. HP: 110/110 MP: 11/11
 12810 | D:11     | Reached skill level 5 in Evocations
 13058 | D:12     | Found a flagged portal.
 13064 | Bailey   | Entered a bailey
 13720 | Bailey   | Demolished by an orc knight

Illustrated notes

Levels and vault maps discovered:
D:1:      dpeg_arrival_water_temple_mockup, layout_basic,
          ebering_ecumenical_altar_petrified, st_stairs_3, chequers_jeans
D:2:      layout_rooms, basic_altar
D:3:      layout_basic, mainiacjoe_overflow_catwalk, kennysheep_generic_room_3
D:4:      layout_basic, mainiacjoe_overflow_surrounded_room, lemuel_round_altar,
          minmay_temple_entry_glassed_door
D:5:      layout_gridville, mainiacjoe_overflow_tiny_flanked,
          mainiacjoe_overflow_chevrons, ebering_ghost_sewer_f, hex_medium
D:6:      layout_basic, ebering_ghost_inner_flame, serial_shops,
          nicolae_shop_behind_doors, minmay_misc_feat_pillars, uniq_maggie,
          uniq_crazy_yiuf_cottage
D:7:      cheibrodos_barr_body, layout_rooms, cheibriados_altar_1,
          enter_ossuary_2, minmay_shop_mayhem, minivault_26
D:8:      layout_basic, kennysheep_mini_moat, serial_shops, shop,
          kennysheep_cross_room
D:9:      layout_long_grid, minmay_overflow_temple_star_quad, serial_shops,
          nicolae_shop_hallway_plus
D:10:     layout_roguey [special_room_orc], nicolae_ru_the_path_less_chosen,
          lemuel_doored_altar, minmay_holes, minivault_11,
          hangedman_decor_growths
D:11:     layout_basic, erik_lair_orcish_takeover, serial_glass,
          glass_columns_b, glass_columns_a, glass_columns_a, glass_columns_c,
          glass_columns_a, glass_columns_c, glass_columns_a, glass_columns_b,
          glass_columns_a, glass_columns_b, glass_columns_a, glass_columns_b,
          glass_columns_a, glass_columns_b, hangedman_abyss_or_decor_lesser_grid
D:12:     layout_basic, orc_david_3, enter_bailey_2
Bailey:   bailey_polearm_5, bailey

Skill      XL: |  1  2  3  4  5  6  7  8  9 10 11 12 |
---------------+-------------------------------------+-----
Armour         | 4 5 6 7 8 9 10 | 10.0
Fighting       | 4 5 6 7 9 10 11 | 11.0
Axes           | 3 4 5 7 8 10 | 10.8
Shields        | 4 5 6 7 8 10 | 10.7
Dodging        | 1 2 3 4 5 6 7 8 |  8.0
Throwing       | 5 6 |  6.1
Evocations     | 4 5 |  5.5

Action                   |  1- 3 |  4- 6 |  7- 9 | 10-12 || total
-------------------------+-------+-------+-------+-------++-------
Melee: War axe           |    52 |     7 |       |       ||    59
       Headbutt          |    12 |    30 |    53 |    45 ||   140
       Broad axe         |       |   117 |   247 |   255 ||   619
Throw: Dart              |       |     6 |    41 |    17 ||    64
       Boomerang         |       |       |       |    21 ||    21
 Abil: Evoke Blink       |       |       |       |     1 ||     1
  Use: Scroll            |       |     5 |    17 |     4 ||    26
       Potion            |       |       |       |     4 ||     4
 Stab: Distracted        |       |       |     2 |       ||     2
Armor: Scale mail        |    29 |    69 |    51 |       ||   149
       Chain mail        |       |       |    11 |       ||    11
       Swamp dragon scal |       |       |    46 |    59 ||   105
       Plate armour      |       |       |       |    85 ||    85
Dodge: Dodged            |    23 |    56 |    78 |   118 ||   275
Block: Buckler           |    10 |    24 |       |       ||    34
       Tower shield      |       |    23 |   184 |   306 ||   513

Table legend: (Time is in decaauts)
 A = Elapsed time spent in this place.
 B = Non-inter-level travel time spent in this place.
 C = Inter-level travel time spent in this place.
 D = Time resting spent in this place.
 E = Time spent auto-exploring this place.
 F = Levels seen in this place.
 G = Mean time per level.
                   A        B        C        D        E       F      G
               +--------+--------+--------+--------+--------+-----+--------+
         Total |  14073 |  13776 |    297 |   4332 |   6251 |  14 | 1005.2 |
       Dungeon |  13021 |  12724 |    297 |   3866 |   6066 |  12 | 1085.1 |
       Ossuary |    400 |    400 |      0 |     14 |    185 |   1 |  400.0 |
        Bailey |    652 |    652 |      0 |    452 |      0 |   1 |  652.0 |
               +--------+--------+--------+--------+--------+-----+--------+

Top non-repeatable levels by time:
     D:9: 1467 daAuts
     D:6: 1427 daAuts
     D:5: 1346 daAuts
     D:4: 1310 daAuts
     D:7: 1285 daAuts
     D:1: 1188 daAuts
    D:11: 1187 daAuts
     D:8: 1065 daAuts
    D:10: 1035 daAuts
     D:3: 891 daAuts
     D:2: 715 daAuts
  Bailey: 652 daAuts
 Ossuary: 400 daAuts
    D:12: 100 daAuts
